 Dungeon Crawl Stone Soup version 0.30-a0-778-g2ef04afb54 (webtiles) character file.

Game seed: 13424731847284503697

186 bande the Trooper (level 5, -2/54 HPs)
             Began as a Gargoyle Fighter on Feb 16, 2023.
             Was an Initiate of Okawaru.
             Slain by a quokka (4 damage)
             ... summoned by Eustachio
             ... on level 4 of the Dungeon.
             The game lasted 00:05:30 (2146 turns).

bande the Trooper (Gargoyle Fighter)                Turns: 2146, Time: 00:05:31

Health: -2/54      AC: 22    Str: 19      XL:     5   Next: 65%
Magic:  5/5        EV:  2    Int:  7      God:    Okawaru [......]
Gold:   101        SH:  4    Dex: 12 (15) Spells: 4/4 levels left

rFire   . . .      SeeInvis .    a - +0 war axe
rCold   . . .      Faith    .    c - +0 buckler
rNeg    + . .      Spirit   .    (body armour currently unavailable)
rPois   ∞          Reflect  .    (helmet currently unavailable)
rElec   .          Harm     .    (cloak currently unavailable)
rCorr   .          Rampage  .    (gloves currently unavailable)
Will    .....      NoTele   +    (boots currently unavailable)
Stlth   +                        (no amulet)
HPRegen 0.29/turn                (no ring)
MPRegen 0.09/turn                (no ring)

@: tree-form, weak-willed
A: stationary, stasis, torment immunity, boosted hp, sickness immunity, AC +4,
negative energy resistance 1, (electricity resistance), torment resistance 1,
petrification resistance, agile 1, robust 1
a: Renounce Religion


You were on level 4 of the Dungeon.
You worshipped Okawaru.
Okawaru was noncommittal.
You were a tree.
You visited 1 branch of the dungeon, and saw 4 of its levels.

You collected 101 gold pieces.

Inventory:

Hand Weapons
 a - a +0 war axe (weapon)
 o - a +0 flail
 s - a +0 war axe
Armour
 b - a +0 scale mail (melded)
 c - a +0 buckler (worn)
Jewellery
 u - a ring of protection from fire
Scrolls
 e - a scroll of vulnerability
 f - a scroll of identify
 h - a scroll of amnesia {unknown}
 i - a scroll of immolation {unknown}
 j - a scroll of butterflies {unknown}
 q - a scroll of teleportation {unknown}
 t - a scroll of magic mapping {unknown}
Potions
 d - a potion of might
 g - 2 potions of flight
 k - a potion of curing
 l - a potion of magic
 m - a potion of ambrosia
 n - a potion of degeneration
 p - 2 potions of lignification
 r - a potion of mutation


   Skills:
 + Level 4.2 Fighting
 + Level 3.9 Axes
 + Level 4.0 Armour
 + Level 3.6 Shields
 * Level 0.2 Invocations


You had 4 spell levels left.
You didn't know any spells.
Your spell library contained the following spells:

 Spells                   Type           Power      Damage    Failure   Level
 Summon Small Mammal      Summ           Unusable   N/A       N/A         1

Dungeon Overview and Level Annotations

Branches:
Dungeon (4/15)
 Temple: D:4-7

Altars:
Hepliaklqana
Kikubaaqudgha
Okawaru
Sif Muna
Vehumet
Xom

Annotations:
D:4 1 transporter, Eustachio


Innate Abilities, Weirdness & Mutations

You are a tree.
Your roots penetrate the ground, keeping you stationary.
You cannot be teleported.
You are immune to unholy pain and torment.
Your maximum health is greatly increased.
Your equipment is partially melded.
You are immune to sickness and miasma.
((Your stone body is resilient. (AC +4)))
You are immune to poison.
You resist negative energy. (rN+)
((You are resistant to electric shocks. (rElec)))
You are resistant to unholy torment.
You are immune to petrification.
You are agile. (Dex +4, Str/Int -1)
You are robust. (+10% HP)


Message History

The quokka bites you.
* * * LOW HITPOINT WARNING * * *
The crimson imp hits you but does no damage.
Eustachio mumbles some strange words.
It was a potion of mutation.
You feel extremely strange.
You feel robust.
You feel agile.
The quasit disappears in a puff of smoke!
The quokka bites you but does no damage.
The shadow imp hits you.
* * * LOW HITPOINT WARNING * * *
The crimson imp hits you but does no damage.
You cannot move.
Unknown command.
As you read the scroll labelled ZUVECICUOM, it crumbles to dust.
Magic quickly surges around you.
It was a scroll of vulnerability.
The bat barely misses you. You block the quokka's attack.
The shadow imp hits you but does no damage.
The crimson imp hits you but does no damage.
The quokka completely misses you.
As you read the scroll labelled YDYCKO YTHRIMULLE, it crumbles to dust.
It is a scroll of identify.
l - a potion of magic The bat hits you but does no damage.
The shadow imp hits you but does no damage.
The crimson imp hits you but does no damage.
The quokka bites you but does no damage. x2
The river rat bites you but does no damage.
As you read the scroll of identify, it crumbles to dust.
m - a potion of ambrosia The bat hits you but does no damage.
The shadow imp hits you but does no damage.
The crimson imp hits you but does no damage.
The quokka bites you but does no damage. x2
The river rat bites you but does no damage.
As you read the scroll of identify, it crumbles to dust.
n - a potion of degeneration You block the bat's attack. x2; The shadow imp hits you.
* * * LOW HITPOINT WARNING * * *
The quokka bites you.
You die...

#..$.........# #
.. #......###..##
# ..# ##.....##
#### #.
#!..#.....## #.
...#.>....## #. .
...#.......## #..
#. ###........##
#..
#####..b........#
#.#
.....@r♣5......##
..
......5rr.....##
............###
........#####
....##### ...#
..# ..


You could see Eustachio (weak-willed), a crimson imp (summoned, weak-willed), a
river rat (summoned, weak-willed), a shadow imp (summoned, weak-willed), 2
quokkas and a bat (summoned, weak-willed).

Vanquished Creatures
  Terence (D:2)
  3 orc wizards (D:3)
  An adder (D:4)
  A dart slug (D:2)
  7 orcs
  6 ball pythons
  3 bats
  6 endoplasms
  3 giant cockroaches
  7 goblins
  5 hobgoblins (D:1)
  4 jackals (D:1)
  2 kobolds (D:1)
  3 quokkas
  A frilled lizard (D:3)
  6 rats (D:1)
59 creatures vanquished.

Notes
Turn   | Place    | Note
-------+----------+-------------------------------------------
     0 | D:1      | bande the Gargoyle Fighter began the quest for the Orb.
     0 | D:1      | Reached XP level 1. HP: 14/14 MP: 1/1
   160 | D:1      | Reached XP level 2. HP: 18/19 MP: 2/2
   346 | D:1      | Found a faded altar of an unknown god.
   386 | D:1      | Reached XP level 3. HP: 24/24 MP: 3/3
   615 | D:2      | Noticed Terence
   621 | D:2      | Killed Terence
   622 | D:2      | Reached XP level 4. HP: 20/29 MP: 4/4
   920 | D:2      | You fall into a shaft and drop 1 floor!
  1297 | D:3      | Found a shimmering blue altar of Sif Muna.
  1303 | D:3      | Reached XP level 5. HP: 33/33 MP: 5/5
  1305 | D:3      | Got Sif Muna's Encyclopedia of Phantasms
  1312 | D:3      | Found an ancient bone altar of Kikubaaqudgha.
  1478 | D:3      | Found a radiant altar of Vehumet.
  1629 | D:3      | Found an iron altar of Okawaru.
  1629 | D:3      | Found a hazy altar of Hepliaklqana.
  1629 | D:3      | Found a shimmering altar of Xom.
  1639 | D:3      | Became a worshipper of Warmaster Okawaru
  2104 | D:4      | Found a transporter.
  2105 | D:4      | Noticed Eustachio
  2142 | D:4      | Gained mutation: You are robust. (+10% HP) [potion of
                  | mutation]
  2142 | D:4      | Gained mutation: You are agile. (Dex +4, Str/Int -1)
                  | [potion of mutation]
  2142 | D:4      | HP: 1/54 [shadow imp[Eustachio] (4)]
  2146 | D:4      | Slain by a quokka

Illustrated notes

Levels and vault maps discovered:
D:1:      shiori_arrival_elements, layout_rooms,
          dilly_ecumenical_altar_fadedgnrine, chequers_serial_rivers_micro_b,
          nrook_mini_vaults
D:2:      layout_basic, minivault_27, uniq_terence
D:3:      layout_basic, palyth_temple_overflow_mages,
          gammafunk_temple_overflow_claw, serial_rivers,
          chequers_serial_rivers_micro_e, chequers_serial_rivers_micro_b,
          chequers_serial_rivers_micro_b, chequers_serial_rivers_small_3,
          serial_bayou_pond_e
D:4:      layout_cave_pods, mainiacjoe_overflow_concentric_impassable,
          temple_pool_b, gammafunk_ghost_stat_death, kennysheep_big_empty_room,
          corexii_shack, uniq_eustachio, uniq_crazy_yiuf_cottage

Skill      XL: |  1  2  3  4  5 |
---------------+----------------+-----
Axes           | 2 3 |  3.9
Fighting       | 4 |  4.2
Armour         | 4 |  4.0
Shields        | |  3.6
Invocations    | |  0.2

Action                     |  1- 3 |  4- 6 || total
---------------------------+-------+-------++-------
  Melee: War axe           |    72 |    88 ||   160
    Use: Scroll            |       |     4 ||     4
         Potion            |       |     4 ||     4
 Armour: Scale mail        |    38 |    78 ||   116
         Skin              |       |    20 ||    20
  Dodge: Dodged            |    39 |    84 ||   123
  Block: Buckler           |    10 |    26 ||    36

Table legend: (Time is in decaauts)
 A = Elapsed time spent in this place.
 B = Non-inter-level travel time spent in this place.
 C = Inter-level travel time spent in this place.
 D = Time resting spent in this place.
 E = Time spent auto-exploring this place.
 F = Levels seen in this place.
 G = Mean time per level.
                   A        B        C        D        E       F      G
               +--------+--------+--------+--------+--------+-----+--------+
         Total |   2211 |   2144 |     67 |    194 |   1481 |   4 |  552.8 |
       Dungeon |   2211 |   2144 |     67 |    194 |   1481 |   4 |  552.8 |
               +--------+--------+--------+--------+--------+-----+--------+

Top non-repeatable levels by time:
     D:3: 1163 daAuts
     D:1: 634 daAuts
     D:2: 321 daAuts
     D:4: 92 daAuts
